 Dungeon Crawl Stone Soup version 0.29-a0-9-g022ca4c890 (webtiles) character file.

Game seed: 16815011478823476584

41020 Grim the Protected (level 13, -11/186 HPs)
             Began as a Minotaur Berserker on Jan 28, 2022.
             Was a Priest of Trog.
             Killed from afar by a white draconian (24 damage)
             ... with a blast of cold
             ... in an ice cave.
             The game lasted 00:33:45 (19247 turns).

Grim the Protected (Minotaur Berserker)            Turns: 19247, Time: 00:33:46

Health: -11/186    AC: 29    Str: 24    XL:     13   Next: 77%
Magic:  12/12      EV: 13    Int: 12    God:    Trog [***...]
Gold:   2461       SH:  6    Dex: 15    Spells: 12/12 levels left

rFire   . . .      SeeInvis .   M - +2 flail (vorpal)
rCold   . . .      Faith    .   T - +0 buckler
rNeg    . . .      Spirit   .   S - +0 plate armour
rPois   .          Reflect  .   u - +2 hat
rElec   .          Harm     .   b - +2 cloak {Stlth+}
rCorr   +          Rampage  ∞   a - +1 pair of gloves {hurl}
Will    ++...                   W - +3 pair of seven-league boots {Rampage+∞}
Stlth   ..........              F - amulet of the acrobat
HPRegen 1.41/turn               X - +6 ring of dexterity
MPRegen 0.13/turn               m - ring of Iseiru {rCorr Int+4}

@: berserking, strong-willed, regenerating, very quick
A: horns 2, retaliatory headbutt
a: Renounce Religion, Berserk, Trog's Hand


You were in an ice cave.
You worshipped Trog.
Trog was most pleased with you.
You visited 1 branch of the dungeon, and saw 14 of its levels.
You also visited: Sewer, Bailey, Gauntlet and Ice Cave.

You collected 2461 gold pieces.

Inventory:

Hand Weapons
 M - a +2 vorpal flail (weapon)
Missiles
 c - 446 stones
 d - 18 poisoned darts
 f - 27 boomerangs
 k - 4 atropa-tipped darts (quivered)
 G - 2 curare-tipped darts
 Z - 16 javelins
Armour
 a - a +1 pair of gloves of hurling (worn)
 b - a +2 cloak of stealth (worn)
 u - a +2 hat (worn)
 S - a +0 plate armour (worn)
 T - a +0 buckler (worn)
 W - the +3 pair of seven-league boots (worn) {Rampage+∞}
   (You acquired it in a bailey)

   Its wearer moves as far as possible in that direction when moving towards
   enemies.
Jewellery
 m - the ring of Iseiru (right hand) {rCorr Int+4}
   (You found it in a Gauntlet)

   [ring of resist corrosion]

   Int:       It affects your intelligence (+4).
   rCorr:     It protects you from acid and corrosion.
 F - an amulet of the acrobat (around neck)
 H - an amulet of faith
 X - a +6 ring of dexterity (left hand)
 Y - a ring of protection from fire
Wands
 L - a wand of polymorph (25)
 P - a wand of paralysis (4)
Scrolls
 g - a scroll of fog
 j - 2 scrolls of fear {unknown}
 n - 5 scrolls of enchant armour
 p - 6 scrolls of holy word
 q - 2 scrolls of immolation
 s - a scroll of amnesia {unknown}
 t - a scroll of brand weapon {unknown}
 y - 4 scrolls of teleportation
 B - 2 scrolls of blinking {unknown}
 D - 2 scrolls of enchant weapon {unknown}
 E - 3 scrolls of magic mapping
 K - a scroll of silence {unknown}
 N - 3 scrolls of summoning {unknown}
 O - a scroll of vulnerability {unknown}
Potions
 e - 6 potions of haste
 h - 6 potions of resistance
 i - 12 potions of curing
 o - 3 potions of magic
 v - a potion of lignification {unknown}
 w - 4 potions of flight
 x - 4 potions of heal wounds
 z - 4 potions of mutation {unknown}
 C - 3 potions of invisibility {unknown}
 I - 3 potions of ambrosia {unknown}
 J - 3 potions of attraction {unknown}
 U - 2 potions of might {unknown}
Miscellaneous
 l - a tin of tremorstones (2/2)
 r - a box of beasts
 R - a phial of floods
 V - a piece from Xom's chessboard (15/15)


   Skills:
 - Level 14.0 Fighting
 - Level 14.0 Maces & Flails
 - Level 14.5 Armour
 + Level 13.1 Dodging
 * Level 8.2 Shields


You had 12 spell levels left.
You didn't know any spells.
Your spell library was empty.

Dungeon Overview and Level Annotations

Branches:
Dungeon (14/15)            Temple (0/1) D:5            Lair (0/6) D:10
    Orc (0/2) D:11         Vaults (0/5) D:13          Sewer (visited)
 Bailey (visited)           IceCv (1/1)             Gauntlet (visited)

Altars:
Elyvilon
Nemelex Xobeh
Qazlal
Sif Muna
Trog
Uskayaw
The Shining One
Beogh

Portals:
Trove: D:11 (give 13 potions of heal wounds)


Innate Abilities, Weirdness & Mutations

You have a pair of horns on your head.
You reflexively headbutt those who attack you in melee.


Message History

You kill the ironbound frostheart!
Trog accepts your kill.
Trog appreciates your killing of a magic user.
The ironbound frostheart calls freezing cold from the walls.
The frost grips you!!
* * * LOW HITPOINT WARNING * * *
The frost grips your two-headed ogre!!
You stride towards the ironbound frostheart!
You barely miss the ironbound frostheart.
Your headbutt misses the ironbound frostheart.
The white draconian hits you but does no damage.
You thump the white draconian!
Your headbutt misses the white draconian.
The white draconian is lightly wounded.
You hit the white draconian.
Your headbutt misses the white draconian.
The white draconian is lightly wounded.
The ironbound frostheart calls freezing cold from the walls.
The frost grips you!
* * * LOW HITPOINT WARNING * * *
The frost grips your two-headed ogre!!
Your two-headed ogre dies!
Your two-headed ogre's corpse disappears in a puff of smoke!
The white draconian hits you with a +2 halberd of freezing!
* * * LOW HITPOINT WARNING * * *
The white draconian freezes you.
* * * LOW HITPOINT WARNING * * *
You sock the white draconian!
The white draconian is moderately wounded.
The ice encasing you melts away. The ironbound frostheart touches you!
* * * LOW HITPOINT WARNING * * *
The ironbound frostheart freezes you!!
* * * LOW HITPOINT WARNING * * *
You barely miss the white draconian.
Your headbutt misses the white draconian.
The white draconian is moderately wounded.
The white draconian breathes frost at you.
The blast of cold hits you!!
You die...

#..
#..#
...##
.⌠..#
##....
#...#
##dp#
#§@#
#.##
#.##
##.#
##.#
#..#
#.##
#.##
##.###


You could see a white draconian (catching breath) and an ironbound frostheart.

Vanquished Creatures
  An orc warlord (Bailey)
  A minotaur (Gauntlet)
  A hydra (D:11)
  3 vault guards (D:13)
  2 ice dragons
  3 boulder beetles
  An ironbound frostheart (IceCv)
  2 two-headed ogres (D:10)
  4 death yaks (Gauntlet)
  A deep elf knight (D:13)
  A necromancer (Gauntlet)
  A wizard (D:12)
  4 orc knights
  A salamander (shapeshifter) (D:13)
  7 ugly things
  4 manticores
  5 cyclopes
  A smoke demon (Gauntlet)
  3 gargoyles
  2 freezing wraiths (D:14)
  A yaktaur (D:13)
  10 rime drakes (IceCv)
  A kobold demonologist (D:11)
  2 tengu conjurers
  An ice devil (Gauntlet)
  A red devil (Gauntlet)
  2 trolls
  13 polar bears (IceCv)
  Prince Ribbit (D:7)
  7 slime creatures
  Sigmund (D:4)
  A wyvern (D:9)
  A vampire (D:9)
  4 shadows
  2 basilisks (D:11)
  A human (D:11)
  4 wraiths
  3 yaks (D:10)
  2 steam dragons
  Menkaure (D:7)
  A warg (D:11)
  6 acid dragons
  2 water moccasins
  9 orc warriors
  An ice beast (D:5)
  A sky beast (D:6)
  A centaur (D:10)
  2 ogres
  5 bullfrogs
  A gnoll sergeant (D:13)
  A scorpion (D:7)
  A water moccasin skeleton (D:7)
  6 killer bees (D:9)
  7 wights
  A howler monkey (D:4)
  2 crimson imps (Gauntlet)
  A bullfrog zombie (D:5)
  6 centaur zombies
  3 hounds (D:5)
  A jelly (D:4)
  9 orc priests
  2 bullfrog skeletons
  Crazy Yiuf (D:7)
  2 gnoll shamans (D:7)
  Jessica (D:3)
  A centaur skeleton (D:6)
  Terence (D:3)
  3 iguanas
  9 orc wizards
  A hound zombie (D:5)
  17 gnolls
  A howler monkey skeleton (D:6)
  16 adders
  5 river rats (Sewer)
  3 shadow imps
  4 white imps
  2 ufetubi
  5 worms
  A dart slug (D:3)
  47 orcs
  14 ball pythons
  6 bats
  4 endoplasms
  4 giant cockroaches
  15 goblins
  6 hobgoblins
  18 kobolds
  2 quokkas
  6 frilled lizards
  31 rats
402 creatures vanquished.

Vanquished Creatures (collateral kills)
  An unseen horror (D:11)
1 creature vanquished.

Vanquished Creatures (others)
  A quokka (D:5)
1 creature vanquished.

Grand Total: 404 creatures vanquished

Notes
Turn   | Place    | Note
-------+----------+-------------------------------------------
     0 | D:1      | Grim the Minotaur Berserker began the quest for the Orb.
     0 | D:1      | Reached XP level 1. HP: 19/19 MP: 0/0
   246 | D:1      | Reached XP level 2. HP: 26/26 MP: 1/1
  1044 | D:2      | Reached skill level 5 in Maces & Flails
  1070 | D:2      | Reached XP level 3. HP: 16/31 MP: 2/2
  1378 | D:2      | Found a glowing golden altar of the Shining One.
  1600 | D:2      | Reached ** piety under Trog
  1806 | D:3      | Reached XP level 4. HP: 37/39 MP: 3/3
  1827 | D:3      | Found a faded altar of an unknown god.
  1833 | D:3      | Noticed Terence
  1847 | D:3      | Killed Terence
  2110 | D:3      | Reached XP level 5. HP: 37/45 MP: 4/4
  2457 | D:3      | Noticed Jessica
  2470 | D:3      | Killed Jessica
  2991 | D:4      | Reached XP level 6. HP: 44/51 MP: 5/5
  3155 | D:4      | Found a glowing drain.
  3171 | Sewer    | Entered a sewer
  3338 | Sewer    | Reached *** piety under Trog
  3721 | Sewer    | Reached XP level 7. HP: 57/57 MP: 6/6
  3727 | Sewer    | Reached skill level 10 in Maces & Flails
  3914 | D:4      | Noticed Sigmund
  3922 | D:4      | Killed Sigmund
  4735 | D:5      | Entered Level 5 of the Dungeon
  4747 | D:5      | Reached XP level 8. HP: 64/64 MP: 7/7
  5490 | D:5      | Reached **** piety under Trog
  5617 | D:5      | Found a staircase to the Ecumenical Temple.
  5689 | D:5      | Found a shimmering blue altar of Sif Muna.
  6020 | D:6      | Reached skill level 5 in Fighting
  6823 | D:7      | Noticed a +0 dagger
  6825 | D:7      | Noticed a +0 hand axe
  6834 | D:7      | Found a hide-covered altar of Uskayaw.
  7056 | D:7      | Reached XP level 9. HP: 71/79 MP: 8/8
  7228 | D:7      | Found a runed translucent door.
  7229 | D:7      | Noticed Crazy Yiuf
  7285 | D:7      | Noticed Prince Ribbit
  7306 | D:7      | Killed Prince Ribbit
  7631 | D:7      | Noticed Menkaure
  7637 | D:7      | Killed Menkaure
  8346 | D:7      | Killed Crazy Yiuf
  8535 | D:8      | You fall into a shaft and drop 2 floors!
  8535 | D:10     | Entered Level 10 of the Dungeon
  8535 | D:10     | Noticed a two-headed ogre
  8541 | D:10     | Killed a two-headed ogre
  8542 | D:10     | Reached skill level 10 in Fighting
  8729 | D:8      | Identified the +1 chain mail of the Pear {Drain rF+++ rC-
                  | Will++}
  8822 | D:8      | Found a sparkling altar of Nemelex Xobeh.
  8924 | D:8      | Found a flagged portal.
  8936 | Bailey   | Entered a bailey
  8941 | Bailey   | Noticed an orc warlord
  8997 | Bailey   | Noticed an orc knight
  9013 | Bailey   | Killed an orc knight
  9014 | Bailey   | Reached XP level 10. HP: 74/96 MP: 9/9
  9211 | Bailey   | Found a runed translucent gate.
  9214 | Bailey   | Found a runed translucent gate.
  9216 | Bailey   | Found a runed translucent gate.
  9222 | Bailey   | Noticed an orc knight
  9248 | Bailey   | Killed an orc knight
  9608 | Bailey   | Killed an orc warlord
  9609 | Bailey   | Reached skill level 5 in Armour
  9679 | Bailey   | Acquired the +3 pair of seven-league boots {Rampage+∞}
  9679 | Bailey   | Found the +3 pair of seven-league boots {Rampage+∞}
  9691 | Bailey   | Acquired 657 gold pieces
 11276 | D:10     | Noticed a gargoyle
 11283 | D:10     | Noticed a two-headed ogre
 11287 | D:10     | Killed a gargoyle
 11293 | D:10     | Killed a two-headed ogre
 11294 | D:10     | Reached XP level 11. HP: 84/110 MP: 10/10
 11575 | D:10     | Found a staircase to the Lair.
 11638 | D:10     | Identified the +1 rapier "Lyoddixu" {freeze, rElec rN+}
 11777 | D:10     | Found a bloodstained altar of Trog.
 11778 | D:10     | Found a stormy altar of Qazlal.
 11872 | D:11     | Found a staircase to the Orcish Mines.
 12322 | D:11     | Reached skill level 5 in Dodging
 12599 | D:11     | Noticed a seven-headed hydra
 12613 | D:11     | Killed a seven-headed hydra
 12832 | D:11     | Found a portal to a secret trove of treasure.
 12886 | D:11     | Noticed a boulder beetle
 12906 | D:11     | Killed a boulder beetle
 12907 | D:11     | Reached skill level 10 in Armour
 12937 | D:11     | Noticed a brown ugly thing
 12948 | D:11     | Killed a brown ugly thing
 13382 | D:11     | Reached XP level 12. HP: 76/117 MP: 11/11
 13606 | D:11     | Noticed an ice dragon
 13618 | D:11     | Killed an ice dragon
 14181 | D:12     | Noticed a boulder beetle
 14315 | D:12     | Killed a boulder beetle
 14393 | D:12     | Found a white marble altar of Elyvilon.
 14868 | D:13     | Noticed a boulder beetle
 14897 | D:13     | Killed a boulder beetle
 15048 | D:13     | Found a gate leading to a gauntlet.
 15057 | Gauntlet | Entered a Gauntlet
 15057 | Gauntlet | Found a transporter.
 15057 | Gauntlet | Found a transporter.
 15063 | Gauntlet | Noticed a death scarab
 15070 | Gauntlet | Found a transporter.
 15074 | Gauntlet | Found a transporter.
 15086 | Gauntlet | Found a transporter.
 15086 | Gauntlet | Found the +2 Maxwell's thermic engine {flame, freeze}
 15090 | Gauntlet | Found a transporter.
 15106 | Gauntlet | Found a transporter.
 15106 | Gauntlet | Noticed a death yak
 15107 | Gauntlet | Noticed a death yak
 15107 | Gauntlet | Noticed a death yak
 15107 | Gauntlet | Noticed a death yak
 15114 | Gauntlet | Found a transporter.
 15114 | Gauntlet | Noticed a hell hog
 15134 | Gauntlet | Found a transporter.
 15137 | Gauntlet | Found a transporter.
 15145 | Gauntlet | Found a transporter.
 15149 | Gauntlet | Found a transporter.
 15415 | Gauntlet | Reached skill level 10 in Dodging
 15468 | Gauntlet | Killed a death yak
 15468 | Gauntlet | Killed a death yak
 15471 | Gauntlet | Killed a death yak
 15477 | Gauntlet | Killed a death yak
 15769 | Gauntlet | Identified the ring of Iseiru {rCorr Int+4}
 15779 | Gauntlet | Noticed a minotaur
 15795 | Gauntlet | Killed a minotaur
 15848 | Gauntlet | Identified the +4 hand axe "Xirylabbos" {freeze, rF+
                  | Will++}
 16148 | D:13     | Noticed a vault guard
 16690 | D:13     | Killed a vault guard
 16691 | D:13     | Reached XP level 13. HP: 115/115 MP: 12/12
 17112 | D:13     | Found a gate to the Vaults.
 17650 | D:14     | Reached skill level 1 in Shields
 18127 | D:14     | Found a frozen archway.
 18133 | IceCv    | Entered an ice cave
 18424 | IceCv    | Reached skill level 5 in Shields
 19234 | IceCv    | Noticed a white draconian
 19247 | IceCv    | Killed from afar by a white draconian

Illustrated notes

Levels and vault maps discovered:
D:1:      nicolae_arrival_somewhat_less_tricky_arrival, layout_rooms
D:2:      layout_rooms, basic_altar
D:3:      layout_rooms, ebering_ecumenical_altar_hall, kennysheep_orc_chapel,
          uniq_jessica, uniq_terence
D:4:      layout_loops_corners, gup_sewer_entry_bubbles, uniq_sigmund
D:5:      layout_loops_ring, led_sif_book, nicolae_overflow_hidden_temple,
          lemuel_temple_firewalk_b, kennysheep_diamond
D:6:      layout_basic
D:7:      layout_basic, dancing_weapons_uskayaw, minmay_quadrilaterals,
          uniq_menkaure, uniq_crazy_yiuf_cottage, uniq_prince_ribbit1
D:8:      minmay_goldmine, layout_basic, lemuel_round_altar, enter_bailey_3,
          serial_corexii_hall, corexii_hall_statues_x, corexii_hall_statues_s,
          corexii_hall_statues_s, corexii_hall_statues_x
D:9:      layout_loops_ring, kennysheep_small_square
D:10:     layout_rooms, gammafunk_temple_overflow_pools, lair_entry_dummy
D:11:     layout_stronghold, erik_orc_4, enter_trove_6, minmay_the_grid_2x2
          [minmay_the_grid_minigrid_small, minmay_the_grid_dragon_a,
          minmay_the_grid_square_x, minmay_the_grid_prize_big_room]
D:12:     layout_basic, elyvilon_altar_3
D:13:     lemuel_ice_spiral_2, layout_irregular_city,
          grunt_vaults_entry_fortified, gauntlet_entry_generic
D:14:     layout_roguey, okawaru_metal_pillars_1_2,
          portal_ice_cave_entry_horrid_things, kennysheep_pointless_box
IceCv:    ice_cave_caverns_01

Skill      XL: |  1  2  3  4  5  6  7  8  9 10 11 12 13 |
---------------+----------------------------------------+-----
Maces & Flails | 4 5 7 8 9 11 12 14 | 14.0
Fighting       | 7 11 14 | 14.0
Armour         | 3 7 10 13 14 | 14.5
Dodging        | 8 11 13 | 13.1
Shields        | 8 |  8.2

Action                   |  1- 3 |  4- 6 |  7- 9 | 10-12 | 13-15 || total
-------------------------+-------+-------+-------+-------+-------++-------
Melee: Mace              |    67 |   206 |   185 |       |       ||   458
       Headbutt          |     7 |    24 |    50 |   130 |    77 ||   288
       Punch             |       |     2 |     3 |    11 |     2 ||    18
       Flail             |       |       |   133 |   509 |   286 ||   928
Throw: Stone             |    17 |       |       |       |       ||    17
       Dart              |     5 |     5 |       |     4 |     3 ||    17
       Boomerang         |       |       |       |     1 |       ||     1
Invok: Berserk           |       |     5 |    11 |    12 |     6 ||    34
       Trog's Hand       |       |     1 |     1 |     6 |     3 ||    11
       Brothers in Arms  |       |       |       |     2 |     1 ||     3
Evoke: Wand              |       |       |       |     2 |       ||     2
       Box of beasts     |       |       |       |     1 |       ||     1
       Piece from Xom's  |       |       |       |     1 |       ||     1
  Use: Scroll            |       |       |       |    18 |     3 ||    21
       Potion            |       |       |       |     3 |     1 ||     4
Armor: Animal skin       |    12 |     3 |       |       |       ||    15
       Chain mail        |       |    89 |   117 |    41 |       ||   247
       Plate armour      |       |       |       |   251 |   160 ||   411
Dodge: Dodged            |    44 |    98 |   147 |   232 |   106 ||   627
Block: Buckler           |       |       |       |       |    33 ||    33

Table legend: (Time is in decaauts)
 A = Elapsed time spent in this place.
 B = Non-inter-level travel time spent in this place.
 C = Inter-level travel time spent in this place.
 D = Time resting spent in this place.
 E = Time spent auto-exploring this place.
 F = Levels seen in this place.
 G = Mean time per level.
                   A        B        C        D        E       F      G
               +--------+--------+--------+--------+--------+-----+--------+
         Total |  19322 |  18856 |    466 |   6542 |   8558 |  18 | 1073.4 |
       Dungeon |  15893 |  15427 |    466 |   4889 |   7904 |  14 | 1135.2 |
         Sewer |    704 |    704 |      0 |    189 |    348 |   1 |  704.0 |
        Bailey |    865 |    865 |      0 |    451 |    110 |   1 |  865.0 |
      Ice Cave |   1073 |   1073 |      0 |    678 |    195 |   1 | 1073.0 |
      Gauntlet |    786 |    786 |      0 |    334 |      0 |   1 |  786.0 |
               +--------+--------+--------+--------+--------+-----+--------+

Top non-repeatable levels by time:
    D:11: 2353 daAuts
     D:7: 1922 daAuts
    D:13: 1690 daAuts
     D:3: 1237 daAuts
     D:4: 1160 daAuts
   IceCv: 1073 daAuts
     D:1: 1028 daAuts
     D:8: 1000 daAuts
     D:5: 999 daAuts
    D:12: 946 daAuts
     D:6: 884 daAuts
  Bailey: 865 daAuts
Gauntlet: 786 daAuts
     D:2: 734 daAuts
    D:10: 733 daAuts
